 Dungeon Crawl Stone Soup version 0.24.1-8-ga250c9d538 (webtiles) character file.

Game seed: 492338252023659961, levelgen mode: deterministic

161 Hugehornet the Cudgeler (level 4, 33/37 HPs)
             Began as a Demigod Fighter on Apr 29, 2020.
             Quit the game on level 3 of the Dungeon.
             The game lasted 00:03:07 (2111 turns).

Hugehornet the Cudgeler (Demigod Fighter)           Turns: 2111, Time: 00:03:07

Health: 33/37      AC:  9    Str: 19    XL:     4   Next: 97%
Magic:  6/6        EV:  7    Int: 14    God:
Gold:   77         SH:  9    Dex: 18    Spells: 3/3 levels left

rFire    . . .     SeeInvis .   a - +0 flail
rCold    . . .     Gourm    .   c - +0 shield
rNeg     . . .     Faith    .   b - +0 scale mail
rPois    .         Spirit   .   (no helmet)
rElec    .         Reflect  .   e - +0 cloak
rCorr    .         Harm     .   r - +1 pair of gloves {Dex+3}
MR       .....                  (no boots)
Stlth    ..........             (no amulet)
HPRegen  0.12/turn              (no ring)
MPRegen  0.10/turn              (no ring)

@: lightly drained
A: high mp 1
a: no special abilities


You were on level 3 of the Dungeon.
You were not hungry.

You visited 1 branch of the dungeon, and saw 3 of its levels.

You collected 77 gold pieces.

Inventory:

Hand Weapons
 a - a +0 flail (weapon)
Armour
 b - a +0 scale mail (worn)
 c - a +0 shield (worn)
 e - a +0 cloak (worn)
 r - a +1 pair of gloves of dexterity (worn)
Jewellery
 h - an uncursed ring of stealth {unknown}
Scrolls
 g - 4 scrolls of identify {unknown}
 j - 2 scrolls of noise {unknown}
 l - a scroll of remove curse {unknown}
 m - a scroll of fog {unknown}
 t - a scroll of magic mapping {unknown}
Potions
 d - a potion of might
 i - a potion of resistance {unknown}
 k - a potion of brilliance {unknown}
 n - 2 potions of haste {unknown}
 o - a potion of invisibility {unknown}
 p - a potion of agility {unknown}
 q - a potion of cancellation {unknown}
 s - 3 potions of degeneration {unknown}
 u - a potion of heal wounds {unknown}
Comestibles
 f - 6 rations


   Skills:
 - Level 2.6(2.5) Fighting
 + Level 5.0(4.9) Maces & Flails
 - Level 2.6(2.5) Armour
 - Level 2.6(2.5) Shields


You had 3 spell levels left.
You didn't know any spells.
Your spell library contained the following spells:

 Spells                   Type           Power        Failure   Level  Hunger
 Animate Skeleton         Necr           N/A          99%         1    ##.....
 Pain                     Necr           #...         99%         1    ##.....
 Regeneration             Chrm/Necr      #.........   100%        3    ####...
 Vampiric Draining        Necr           #.........   100%        3    ####...
 Animate Dead             Necr           N/A          100%        4    #####..


Dungeon Overview and Level Annotations

Branches:
Dungeon (3/15)


Innate Abilities, Weirdness & Mutations

You have an increased reservoir of magic. (+10% MP)


Message History

You feel sick.
No target in view!
No target in view!
You see here a rat corpse.
Things that are here:
a +3 dagger; 8 poisoned darts; a hobgoblin corpse
s - 3 bubbling brown potions (gained 1)
You feel sick.
You feel sick.
You are no longer poisoned.
t - a scroll labeled LETY VOBLAROA
Found a stone staircase leading down.
No target in view!
u - a viscous brown potion
Found a stone staircase leading down.
No target in view!
No target in view!
You pick up a book of Necromancy and begin reading...
You add the spells Pain, Animate Skeleton, Vampiric Draining, Regeneration and Animate Dead to your library.
Are you sure you want to abandon this character and quit the game? (Confirm with "yes".)

#
#............#.#
#.. #
#.#.###.#....#.#
#.. #
#.#..##.#....#.#
### #
#.##.##.#......#
#
#.##..#.#.######
# #.# #.....#
###.# #...###
#...###...#
#....@....#
#...#####.# #..
#>.. #. ##### #


There were no monsters in sight!

Vanquished Creatures
  Crazy Yiuf (D:2)
  A hound (D:2)
  Jessica (D:2)
  An adder (D:2)
  2 worms (D:2)
  2 dart slugs (D:2)
  2 leopard geckos
  An orc (D:3)
  3 giant cockroaches
  9 goblins
  7 hobgoblins
  5 kobolds
  2 quokkas (D:2)
  7 bats
  3 frilled lizards
  7 rats
54 creatures vanquished.

Notes
Turn   | Place    | Note
-------+----------+-------------------------------------------
     0 | D:1      | Hugehornet the Demigod Fighter began the quest for the Orb.
     0 | D:1      | Reached XP level 1. HP: 18/18 MP: 3/3
     8 | D:1      | Reached skill level 2 in Maces & Flails
   204 | D:1      | Reached XP level 2. HP: 21/25 MP: 4/4
   721 | D:2      | Found a burning altar of Makhleb.
   730 | D:2      | Reached skill level 3 in Maces & Flails
   730 | D:2      | Reached XP level 3. HP: 9/30 MP: 5/5
   983 | D:2      | Noticed Jessica
   998 | D:2      | Killed Jessica
   998 | D:2      | Reached skill level 4 in Maces & Flails
   998 | D:2      | Reached XP level 4. HP: 37/37 MP: 6/6
  1259 | D:2      | Found a runed translucent door.
  1260 | D:2      | Noticed Crazy Yiuf
  1582 | D:2      | Killed Crazy Yiuf
  2052 | D:3      | Reached skill level 5 in Maces & Flails
  2111 | D:3      | Quit the game

Levels and vault maps discovered:
D:1:      dpeg_arrival_prison, layout_loops_ring, minmay_indecisive_spiral
D:2:      layout_rooms, makhleb_heckhound_becter, minmay_misc_feat_doors,
          minmay_misc_feat_encased, corexii_shack, uniq_crazy_yiuf_cottage,
          uniq_jessica
D:3:      layout_basic

Skill      XL: |  1  2  3  4 |
---------------+-------------+-----
Maces & Flails | 2 3 4 5 |  5.0
Fighting       | |  2.6
Armour         | |  2.6
Shields        | |  2.6

Action                   |  1- 3 |  4- 6 || total
-------------------------+-------+-------++-------
Melee: Flail             |    72 |   107 ||   179
  Eat: Chunk             |       |     2 ||     2
       Ration            |       |     1 ||     1
Armor: Scale mail        |    32 |    70 ||   102
Dodge: Dodged            |    17 |    40 ||    57
Block: Shield            |    33 |    76 ||   109
